 Dungeon Crawl Stone Soup version 0.28.0 (webtiles) character file.

Game seed: 13113907879547324544

172 Torus the Slasher (level 5, 0/47 HPs)
             Began as a Ghoul Fighter on Feb 12, 2022.
             Was a Believer of Ashenzari.
             Slain by a worm (6 damage)
             ... on level 4 of the Dungeon.
             The game lasted 00:09:05 (3411 turns).

Torus the Slasher (Ghoul Fighter)                   Turns: 3411, Time: 00:09:05

Health: 0/47       AC:  8    Str: 20    XL:     5   Next: 53%
Magic:  4/4        EV:  9    Int:  7    God:    Ashenzari [**....]
Gold:   156        SH:  4    Dex:  8    Spells: 4/4 levels left

rFire   . . .      SeeInvis +   a - +0 long sword
rCold   + . .      Faith    .   c - +0 buckler "Cursed Activism" {Melee, Self} (curse)
rNeg    + + +      Spirit   .   b - +0 scale mail "Stellar Boredom" {Fort, Comp} (curse)
rPois   ∞          Reflect  .   (no helmet)
rElec   .          Harm     .   (no cloak)
rCorr   .          Rampage  .   i - +0 pair of gloves of Curses and Power {Comp, Fort} (curse)
Will    .....                   (no boots)
Stlth   ..........              r - amulet of the acrobat
HPRegen 0.00/turn               f - ring "Zeskow" {rN+ Int+2}
MPRegen 0.09/turn               (no ring)

@: inhibited regen
A: claws 1, cold resistance 1, negative energy resistance 3, inhibited
regeneration, torment resistance 2
a: Renounce Religion, Curse Item, Shatter the Chains


You were on level 4 of the Dungeon.
You worshipped Ashenzari.
Ashenzari was pleased with you.
You visited 1 branch of the dungeon, and saw 4 of its levels.

You collected 156 gold pieces.

Inventory:

Hand Weapons
 a - a +0 long sword (weapon)
 u - a +0 scimitar
Missiles
 g - 52 stones (quivered)
 j - 19 arrows
 k - 22 bolts
 m - 2 boomerangs
 p - 12 poisoned darts
 t - a throwing net
Armour
 b - the cursed +0 scale mail "Stellar Boredom" (worn) {Fort, Comp}

   It has a curse which improves the following skills: Fortitude: Armour and
   Shields.
   Companions: Summonings and Necromancy.
 c - the cursed +0 buckler "Cursed Activism" (worn) {Melee, Self}

   It has a curse which improves the following skills: Melee Combat: Short
   Blades, Long Blades, Axes, Maces & Flails, Polearms, Staves and Unarmed
   Combat.
   Introspection: Fighting and Spellcasting.
 i - the cursed +0 pair of gloves of Curses and Power (worn) {Comp, Fort}
   (You found it on level 1 of the Dungeon)

   It has a curse which improves the following skills: Companions: Summonings
   and Necromancy.
   Fortitude: Armour and Shields.
Jewellery
 f - the ring "Zeskow" (left hand) {rN+ Int+2}
   (You found it on level 2 of the Dungeon)

   [ring of positive energy]

   Int:       It affects your intelligence (+2).
   rN:        It protects you from negative energy.
 r - an amulet of the acrobat (around neck)
 w - an amulet of faith
Scrolls
 e - 2 scrolls of teleportation
 h - a scroll of fog
 l - a scroll of silence
 o - a scroll of identify
 s - a scroll of amnesia
 v - a scroll of fear
Potions
 d - 2 potions of might
 n - a potion of cancellation
 q - 2 potions of curing


   Skills:
 - Level 3.2(4.3) Fighting
 + Level 5.1(6.3) Long Blades
 - Level 2.6(4.2) Armour
 - Level 2.6(4.2) Shields


You had 4 spell levels left.
You didn't know any spells.
Your spell library was empty.

Dungeon Overview and Level Annotations

Branches:
Dungeon (4/15)
 Temple: D:4-7

Altars:
Ashenzari

Annotations:
D:3 2 transporters
D:4 3 runed translucent doors, da312102's ghost, weakling DsGl


Innate Abilities, Weirdness & Mutations

You thrive by killing the living.
You are immune to poison.
You have sharp fingernails.
Your flesh is cold resistant. (rC+)
You are immune to negative energy. (rN+++)
You do not regenerate when monsters are visible.
You are immune to unholy pain and torment.


Message History

You slash the iguana!
You kill the iguana!
You feel better.
Your base Long Blades skill increases to level 5!
You hit the howler monkey skeleton.
The howler monkey skeleton is lightly damaged.
The howler monkey skeleton hits you but does no damage.
You slash the howler monkey skeleton!
The howler monkey skeleton is heavily damaged.
The howler monkey skeleton barely misses you.
You slash the howler monkey skeleton!
The howler monkey skeleton is severely damaged.
The howler monkey skeleton barely misses you.
You hit the howler monkey skeleton.
You destroy the howler monkey skeleton!
You hit the worm.
The worm is lightly wounded.
You hit the worm but do no damage.
The worm is lightly wounded.
You block the worm's attack.
You hit the worm.
The worm is lightly wounded.
The worm bites you.
You hit the worm.
The worm is moderately wounded.
You slash the worm!
The worm is severely wounded.
The worm bites you but does no damage.
You hit the worm.
The worm is severely wounded.
The worm bites you but does no damage.
You barely miss the worm.
The worm is severely wounded.
You hit the worm.
The worm is almost dead.
The worm bites you!
You hit the worm but do no damage.
The worm is almost dead.
The worm bites you.
You die...

#################
#...@w.......<...
#.######...##....
#.# #.........##
#.# #..........#
#.##
#.........##* *
#..# ###...##.##*
##.# #.... ... ,
#.# ######,###
#.# * * , *, #.#
* #.## * #..## *
,,
########...####,
, , , ,
..............+ ,
, *
########...#### ,
#.........#


You could see a worm.

Vanquished Creatures
  A hound (D:4)
  An iguana (D:4)
  4 adders
  A howler monkey skeleton (D:4)
  A worm (D:2)
  2 dart slugs
  3 orcs (D:3)
  7 ball pythons
  5 endoplasms
  3 giant cockroaches
  9 goblins
  2 hobgoblins
  3 quokkas
  3 bats
  4 frilled lizards
  8 kobolds
  5 rats
62 creatures vanquished.

Vanquished Creatures (others)
  6 plants (D:3)
6 creatures vanquished.

Grand Total: 68 creatures vanquished

Notes
Turn   | Place    | Note
-------+----------+-------------------------------------------
     0 | D:1      | Torus the Ghoul Fighter began the quest for the Orb.
     0 | D:1      | Reached XP level 1. HP: 19/19 MP: 0/0
    61 | D:1      | Reached skill level 2 in Long Blades
   214 | D:1      | Reached XP level 2. HP: 21/26 MP: 1/1
   394 | D:1      | Found a faded altar of an unknown god.
   407 | D:1      | Prayed at the altar of an unknown god.
   407 | D:1      | Became a worshipper of Ashenzari the Shackled
   854 | D:2      | Reached skill level 3 in Long Blades
   869 | D:2      | Reached XP level 3. HP: 33/33 MP: 2/2
   882 | D:2      | Identified the ring "Zeskow" {rN+ Int+2}
  1097 | D:2      | Reached * piety under Ashenzari
  1404 | D:2      | Reached XP level 4. HP: 32/40 MP: 3/3
  1924 | D:3      | Reached skill level 4 in Long Blades
  2578 | D:3      | Found a transporter.
  2579 | D:3      | Found a transporter.
  2793 | D:3      | Reached ** piety under Ashenzari
  2929 | D:4      | Found a runed translucent gate.
  2929 | D:4      | Found a runed translucent gate.
  2929 | D:4      | Found a runed translucent gate.
  2929 | D:4      | Noticed da312102's ghost (weakling DsGl)
  2929 | D:4      | Noticed an ogre
  3127 | D:4      | Reached XP level 5. HP: 38/47 MP: 4/4
  3399 | D:4      | Reached skill level 5 in Long Blades
  3411 | D:4      | Slain by a worm

Illustrated notes

Levels and vault maps discovered:
D:1:      dpeg_arrival_shrine, layout_basic, shapermc_ecumenical_altar_gd,
          minmay_misc_feat_chi, hangedman_glass_teeth
D:2:      layout_loops_ring, serial_rivers, chequers_serial_rivers_room_b,
          chequers_serial_rivers_micro_d, chequers_serial_rivers_marsh,
          chequers_serial_rivers_micro_e, chequers_serial_rivers_micro_b,
          grunt_decor_fettered
D:3:      layout_loops_corners, gammafunk_ghost_gnarly_gnolls
D:4:      layout_loops_corners, gammafunk_ghost_split

Skill      XL: |  1  2  3  4  5 |
---------------+----------------+-----
Long Blades    | 2 3 4 5 |  5.1
Fighting       | |  3.2
Armour         | |  2.6
Shields        | |  2.6

Action                   |  1- 3 |  4- 6 || total
-------------------------+-------+-------++-------
Melee: Long sword        |    87 |   101 ||   188
Throw: Stone             |       |     5 ||     5
Invok: Curse Item        |     2 |     1 ||     3
  Use: Scroll            |     4 |       ||     4
Armor: Scale mail        |    38 |    36 ||    74
Dodge: Dodged            |    34 |    48 ||    82
Block: Buckler           |    16 |    19 ||    35
